 Dungeon Crawl Stone Soup version 0.25-a0-185-g6cfeca75b2 (webtiles) character file.

Game seed: 1258951904703486223, levelgen mode: deterministic

434 vurker the Gusty (level 7, -3/40 HPs)
             Began as a Tengu Air Elementalist on Nov 27, 2019.
             Slain by Menkaure (10 damage)
             ... on level 4 of the Dungeon.
             The game lasted 00:06:20 (4697 turns).

vurker the Gusty (Tengu Air Elementalist)           Turns: 4697, Time: 00:06:21

Health: -3/40      AC:  3    Str:  8    XL:     7   Next: 0%
Magic:  6/13       EV: 13    Int: 17    God:
Gold:   263        SH:  0    Dex: 15    Spells: 3/13 levels left

rFire    . . .     SeeInvis .   u - +1 dagger (venom)
rCold    + . .     Gourm    .   (no shield)
rNeg     . . .     Faith    .   a - +0 robe
rPois    .         Spirit   .   (helmet restricted)
rElec    .         Reflect  .   z - +0 cloak
rCorr    .         Harm     .   (no gloves)
MR       .....                  (boots unavailable)
Stlth    ++........             (no amulet)
HPRegen  0.13/turn              r - ring of protection from cold
MPRegen  0.13/turn              (no ring)

@: no status effects
A: beak, talons 3, able to fly
a: Fly


You were on level 4 of the Dungeon.
You were not hungry.

You visited 1 branch of the dungeon, and saw 4 of its levels.

You collected 263 gold pieces.

Inventory:

Hand Weapons
 u - a +1 dagger of venom (weapon)
   (You found it on level 4 of the Dungeon)
Missiles
 p - 2 throwing nets (quivered)
Armour
 a - a +0 robe (worn)
 y - a cursed +0 buckler
   (You found it on level 4 of the Dungeon)
 z - a +0 cloak (worn)
   (You found it on level 4 of the Dungeon)
Jewellery
 r - a ring of protection from cold (left hand)
   (You found it on level 3 of the Dungeon)
Scrolls
 c - a scroll of enchant weapon {unknown}
 f - 4 scrolls of remove curse
 g - a scroll of enchant armour {unknown}
 k - 3 scrolls of teleportation {unknown}
 m - 2 scrolls of identify {unknown}
 o - a scroll of fear {unknown}
 s - a scroll of magic mapping {unknown}
 v - 2 scrolls of immolation {unknown}
Potions
 b - a potion of brilliance
 h - 2 potions of invisibility {unknown}
 j - a potion of resistance {unknown}
 l - a potion of lignification
 n - a potion of cancellation
 q - a potion of mutation {unknown}
 t - 2 potions of curing {unknown}
 w - 2 potions of heal wounds {unknown}
 x - a potion of berserk rage {unknown}
Comestibles
 e - 6 rations


   Skills:
 + Level 2.2 Fighting
 - Level 2.1 Dodging
 - Level 2.0 Stealth
 + Level 1.1 Shields
 * Level 3.8 Spellcasting
 * Level 4.9 Conjurations
 * Level 6.1 Air Magic


You had 3 spell levels left.
You knew the following spells:

 Your Spells              Type           Power        Failure   Level  Hunger
a - Shock                 Conj/Air       ###.         1%          1    None
b - Lightning Bolt        Conj/Air       ###.......   43%         5    ######.
c - Airstrike             Air            ###.......   13%         4    ####...

Your spell library contained the following spells:

 Spells                   Type           Power        Failure   Level  Hunger
 Static Discharge         Conj/Air       ###.....     4%          3    ###....
 Swiftness                Chrm/Air       ##......     7%          2    ##.....


Dungeon Overview and Level Annotations

Branches:
Dungeon (4/15)
 Temple: D:4-7

Altars:
Ru
Wu Jian

Annotations:
D:3 3 runed translucent doors, vurker's ghost, amateur FoAK
D:4 Menkaure


Innate Abilities, Weirdness & Mutations

You have a beak for a mouth.
You have claws for feet.
You can fly continuously.


Message History

Found a club.
Found a silvery potion.
You see here a club.
w - 2 silvery potions (gained 1)
A worm comes into view.
A worm is nearby!
The zap hits the worm.
The zap hits the worm!
The zap hits the worm.
The zap hits the worm!
You kill the worm!
You can't see any susceptible monsters within range! (Use Z to cast anyway.)
You can't see any susceptible monsters within range! (Use Z to cast anyway.) Eating a chunk of flesh.
You eat the chunk of flesh.
Found a stone staircase leading down.
An adder comes into view.
An adder is nearby!
An adder is nearby!
Aim: an adder (resting)
The zap hits the adder!
The adder hisses angrily.
The adder misses you.
Aim: an adder (severely wounded)
The zap misses the adder.
The adder misses you.
Aim: an adder (severely wounded)
The zap hits the adder.
You kill the adder!
You have reached level 7!
Menkaure, Prince of Dust comes into view.
The zap hits Menkaure. x2
The zap hits Menkaure. x2
Menkaure points at you and mumbles some strange words.
Pain shoots through your body!
The zap hits Menkaure but does no damage.
The zap misses Menkaure.
Menkaure mumbles some strange words.
Menkaure seems to speed up.
The zap misses Menkaure.
The zap hits Menkaure.
Aim: Menkaure (severely damaged, fast)
The zap misses Menkaure.
Aim: Menkaure (severely damaged, fast)
The zap hits Menkaure.
Aim: Menkaure (severely damaged, fast)
The zap hits Menkaure.
Aim: Menkaure (severely damaged, fast)
The zap hits Menkaure but does no damage.
Menkaure closely misses you. Menkaure hits you!
* * * LOW HITPOINT WARNING * * *
You barely miss Menkaure. Menkaure hits you!
* * * LOW HITPOINT WARNING * * *
You barely miss Menkaure. Menkaure hits you!
You die...

#.# #....# #......#.#
#.....
#......#.#########.....
##......#...............
........###########....#
........# .... #....#
........##..... .#######
......M........ ........
#@# ..######. #.#
......... #.# ..######.
#.# #........ #.#
######### #.# #.......
#.#########.######
#.........#.#
#########.#.#


You could see Menkaure.

Vanquished Creatures
  An ogre (D:4)
  A scorpion (D:4)
  3 orc wizards (D:4)
  Jessica (D:2)
  A worker ant (D:3)
  9 adders
  4 worms
  3 dart slugs
  2 leopard geckos
  4 orcs
  A ball python (D:3)
  3 bats
  4 giant cockroaches
  4 goblins
  9 hobgoblins
  7 jackals
  5 kobolds
  2 quokkas
  4 frilled lizards
  6 rats
74 creatures vanquished.

Vanquished Creatures (others)
  A fungus (D:3)
  A plant (D:3)
2 creatures vanquished.

Grand Total: 76 creatures vanquished

Notes
Turn   | Place    | Note
-------+----------+-------------------------------------------
     0 | D:1      | vurker the Tengu Air Elementalist began the quest for the
                  | Orb.
     0 | D:1      | Reached XP level 1. HP: 10/10 MP: 4/4
    54 | D:1      | Reached XP level 2. HP: 3/15 MP: 0/6
   556 | D:1      | Reached XP level 3. HP: 20/20 MP: 2/7
  1074 | D:2      | Reached skill level 1 in Fighting
  1131 | D:2      | Noticed Jessica
  1137 | D:2      | Killed Jessica
  1137 | D:2      | Reached XP level 4. HP: 25/25 MP: 2/9
  1934 | D:2      | Reached skill level 5 in Air Magic
  1987 | D:2      | Found an ornate altar of the Wu Jian Council.
  2531 | D:3      | Gained mutation: You can fly continuously. [Tengu growth]
  2531 | D:3      | Reached XP level 5. HP: 29/29 MP: 6/10
  3136 | D:3      | Found a sacrificial altar of Ru.
  3392 | D:3      | Found a runed translucent gate.
  3392 | D:3      | Found a runed translucent gate.
  3392 | D:3      | Found a runed translucent gate.
  3392 | D:3      | Noticed a big kobold
  3392 | D:3      | Noticed vurker's ghost (amateur FoAK)
  3395 | D:3      | Noticed a big kobold
  3478 | D:3      | Noticed a big kobold
  3581 | D:3      | Learned a level 5 spell: Lightning Bolt
  3586 | D:3      | Learned a level 4 spell: Airstrike
  3722 | D:4      | Noticed an ogre
  3740 | D:4      | Killed an ogre
  3740 | D:4      | Reached XP level 6. HP: 30/35 MP: 7/12
  4034 | D:4      | Reached skill level 1 in Shields
  4034 | D:4      | Reached skill level 6 in Air Magic
  4614 | D:4      | Reached XP level 7. HP: 40/40 MP: 9/13
  4687 | D:4      | Noticed Menkaure
  4697 | D:4      | Slain by Menkaure

Levels and vault maps discovered:
D:1:      minmay_arrival_checkered_box, layout_rooms, st_stairs_9
D:2:      layout_loops_corners, lemuel_crystal_altar, uniq_jessica
D:3:      layout_loops_cross, marbit_many_paths, gammafunk_ghost_nasty_kobolds,
          minmay_increasing_density
D:4:      layout_basic, uniq_menkaure

Skill      XL: |  1  2  3  4  5  6 |
---------------+-------------------+-----
Conjurations   | 2 3 4 |  4.9
Fighting       | 1 2 |  2.2
Air Magic      | 5 6 |  6.1
Spellcasting   | 3 |  3.8
Shields        | 1 |  1.1
Dodging        | |  2.1
Stealth        | |  2.0

Action                   |  1- 3 |  4- 6 |  7- 9 || total
-------------------------+-------+-------+-------++-------
Melee: Unarmed           |    15 |       |       ||    15
       Dagger            |    22 |     2 |     2 ||    26
       Kick              |     7 |     1 |       ||     8
       Peck              |     5 |       |       ||     5
 Cast: Shock             |    52 |   142 |     9 ||   203
  Use: Scroll            |       |     1 |       ||     1
       Potion            |       |     5 |       ||     5
  Eat: Chunk             |     1 |     8 |       ||     9
       Ration            |       |     1 |       ||     1
Armor: Robe              |     9 |     2 |       ||    11
Dodge: Dodged            |    34 |    23 |     1 ||    58

Table legend:
 A = Non-vault XP
 B = Vault XP
 C = Vault XP percentage of total XP
 D = Non-vault monster count
 E = Vault monster count
 F = Vault count percentage of total count
                 A         B        C        D         E       F
            +---------+---------+-------+---------+---------+-------
      Total |     552 |      69 |  11.1 |      63 |      11 |  14.9
            +---------+---------+-------+---------+---------+-------
        D:1 |      42 |       2 |   4.5 |      20 |       2 |   9.1
        D:2 |      75 |      37 |  33.0 |      15 |       1 |   6.2
        D:3 |      78 |      30 |  27.8 |      11 |       8 |  42.1
        D:4 |     357 |       0 |   0.0 |      17 |       0 |   0.0
            +---------+---------+-------+---------+---------+-------
